Map: Golden Wall LE

Players

immOrTaL - Winner!

  • Race: Zerg Zerg
  • League: Platinum
  • Spawn Location: 5:00

Unicorn

  • Race: Protoss Protoss
  • Spawn Location: 7:00

VOD

Have the link to the VOD?

Description

Time

  • Played on: March 24, 2020, 2:35 p.m.
  • Length: 4:28
Show
View Real Time Build Order
Export as new Build Order

immOrTaL Zerg - Winner!

Build Orders: Hatch First 

Get SALT Encoding   

  12  0:01  Drone  
  13  0:12  Overlord  
  13  0:21  Drone  
  14  0:34  Drone x2  
  16  0:54  Hatchery  
  15  0:57  Drone  
  15  1:02  Drone  
  17  1:15  Extractor  
  17  1:17  Spawning Pool  
  14  1:40  Extractor  
  14  1:46  Drone x2  
  15  2:06  Roach Warren  
  14  2:15  Queen  
  16  2:21  Zergling x2  
  16  2:22  Zergling x2  
  18  2:51  Roach  
  18  2:52  Roach x2  
  24  2:59  Roach  
  24  3:00  Roach  
  24  3:02  Overlord  
  28  3:24  Ravager x3  
  31  3:28  Roach  
  31  3:55  Zergling x6  
Show
View Real Time Build Order
Export as new Build Order

Unicorn Protoss 

Build Orders: 1 Gate Expand 

Get SALT Encoding   

  12  0:01  Probe  
  13  0:13  Probe  
  14  0:20  Pylon  
  14  0:25  Probe  
  15  0:38  Probe (Chrono Boost)  
  15  0:39  Gateway  
  16  0:48  Assimilator  
  17  0:50  Probe (Chrono Boost)  
  17  0:55  Probe (Chrono Boost)  
  18  1:05  Probe  
  19  1:17  Probe  
  20  1:20  Pylon  
  20  1:34  Nexus  
  20  1:47  Cybernetics Core, Probe  
  21  1:54  Assimilator  
  21  2:00  Probe  
  22  2:12  Gateway, Probe  
  23  2:18  Pylon  
  23  2:26  Adept (Chrono Boost), Probe  
  26  2:40  Probe  
  27  2:46  Adept (Chrono Boost)  
  27  2:50  Probe  
  29  2:52  Probe  
  30  3:02  Probe  
  30  3:04  Probe  
  32  3:14  Probe  
  32  3:16  Probe  
  34  3:26  Probe  
  37  3:29  Shield Battery  
  37  3:32  Shield Battery  
  35  3:42  Pylon  
  35  3:51  Gateway  
  35  3:52  Gateway  
Tags
 
Add a new tag
Caveats
  • Supply blocks, unpowered buildings, or Contaminate may cause inaccurate times.
  • Supply counts are checked every 10 seconds.